 Dungeon Crawl Stone Soup version 0.25-a0-189-gf71692caf1 (webtiles) character file.

Game seed: 18195231752766226130, levelgen mode: deterministic

566749 toffzen the Wrestler (level 25, -13/273 HPs)
             Began as a Troll Fighter on Nov 19, 2019.
             Was the Champion of Jiyva.
             Killed from afar by an orb of fire (32 damage)
             ... with a fireball
             ... on level 5 of the Realm of Zot on Nov 29, 2019.
             The game lasted 03:16:22 (62469 turns).

toffzen the Wrestler (Troll Fighter)               Turns: 62469, Time: 03:16:23

Health: -13/273    AC: 44    Str: 31    XL:     25   Next: 51%
Magic:  15/19      EV: 26    Int:  9    God:    Jiyva [******]
Gold:   2464       SH: 15    Dex: 12    Spells: 24/24 levels left

rFire    + + .     SeeInvis .     - Unarmed
rCold    + + +     Gourm    +   B - +2 shield of Resistance {rF+ rC+ MR+}
rNeg     . . .     Faith    .   Q - +12 gold dragon scales
rPois    +         Spirit   .   V - +2 hat
rElec    +         Reflect  .   a - scarf {cloud immunity}
rCorr    +         Harm     .   (gloves unavailable)
MR       +++..                  (boots unavailable)
Stlth    ..........             j - amulet of the acrobat
HPRegen  0.95/turn              U - +3 ring of slaying
MPRegen  0.16/turn              w - ring of Robustness {AC+8}

@: about to teleport, slimy, marked, acrobat
A: large, unfitting armour, claws 3, hooves 1, iridescent scales 1, clever 1,
clumsy 1, deterioration 1, fast metabolism 3, gourmand, low mp 1, magic
resistance 1, sense surroundings 3, regeneration 1, shaggy fur 3, electricity
resistance, tough skin 3, pseudopods 3, translucent skin 1, jelly sensing items
}: 3/15 runes: decaying, slimy, gossamer
a: Request Jelly, Slimify, Cure Bad Mutation, Renounce Religion


You were on level 5 of the Realm of Zot.
You worshipped Jiyva.
Jiyva was exalted by your worship.
You were very full.

You visited 11 branches of the dungeon, and saw 53 of its levels.
You also visited: Wizlab.

You collected 3519 gold pieces.
You spent 1055 gold pieces at shops.

Inventory:

Hand Weapons
 b - the +18 lance "Wyrmbane" {slay drac, rPois rF+ rC+ AC+3}
   (You found it on level 2 of the Swamp)

   It affects your AC (+3).
   It protects you from fire.
   It protects you from cold.
   It protects you from poison.
 c - a +9 giant spiked club of venom
 d - a +5 falchion of flaming
Missiles
 f - 949 stones (quivered)
 J - 72 large rocks
 M - 5 throwing nets
Armour
 a - a scarf of cloud immunity (worn)
 B - the +2 shield of Resistance (worn) {rF+ rC+ MR+}
   (You found it on level 15 of the Dungeon)

   It protects you from fire.
   It protects you from cold.
   It affects your resistance to hostile enchantments.
 Q - +12 gold dragon scales (worn)
 V - a +2 hat (worn)
 Z - the +9 fire dragon scales "Buiphitu" {-Tele rF++ rC- MR+ Dex+6}
   (You found it on level 6 of the Lair of Beasts)

   It affects your dexterity (+6).
   It greatly protects you from fire.
   It makes you vulnerable to cold.
   It affects your resistance to hostile enchantments.
   It prevents most forms of teleportation.
Jewellery
 j - an amulet of the acrobat (around neck)
 o - an uncursed ring of protection from fire
 p - a +6 ring of strength
 t - a cursed amulet of inaccuracy {unknown}
 u - the amulet "Cakluler" {RegenMP rElec}
   (You took it off a vampire mage on level 5 of the Depths)

   [amulet of magic regeneration]

   It increases your magic regeneration.
   It insulates you from electricity.
 v - an uncursed ring of see invisible
 w - the ring of Robustness (right claw) {AC+8}
   (You found it on level 1 of the Depths)

   [ring of protection]

   It affects your AC (+8).
 z - an uncursed ring of protection from cold
 I - an uncursed ring of positive energy
 U - a +3 ring of slaying (left claw)
 Y - the amulet of the Air {Inacc +Fly rElec EV+5 RMsl}
   (You found it on level 6 of the Lair of Beasts)

   [amulet of inaccuracy]

   It reduces the accuracy of all your attacks.
   It affects your evasion (+5).
   It insulates you from electricity.
   It lets you fly.
   It protects you from missiles.
Wands
 n - a wand of acid (9)
 x - a wand of enslavement (22)
 y - a wand of iceblast (41)
 G - a wand of flame (42)
 O - a wand of digging (10)
 R - a wand of clouds (6)
Scrolls
 e - 9 scrolls of immolation
 h - 15 scrolls of teleportation
 i - 5 scrolls of remove curse
 C - 2 scrolls of fog
 F - a scroll of silence
 H - 9 scrolls of identify
 N - a scroll of holy word
 T - a scroll of fear
 W - 2 scrolls of blinking
Potions
 g - 4 potions of might
 k - 6 potions of resistance
 l - 2 potions of mutation
 q - 5 potions of ambrosia
 r - 6 potions of flight
 s - 9 potions of curing
 A - 2 potions of haste
 D - 11 potions of lignification
 L - 4 potions of agility
 P - 3 potions of invisibility
 S - a potion of cancellation
Miscellaneous
 K - a lightning rod (4/4)
 X - a phial of floods
Comestibles
 E - 51 rations


   Skills:
 * Level 19.7 Fighting
 - Level 6.0 Throwing
 - Level 15.1 Armour
 - Level 15.1 Dodging
 - Level 13.0 Shields
 + Level 25.3 Unarmed Combat


You had 24 spell levels left.
You didn't know any spells.
Your spell library contained the following spells:

 Spells                   Type           Power        Failure   Level  Hunger
 Animate Skeleton         Necr           N/A          99%         1    ##.....
 Corona                   Hex            #......      99%         1    ##.....
 Flame Tongue             Conj/Fire      #....        99%         1    ##.....
 Infusion                 Chrm           #...         99%         1    ##.....
 Magic Dart               Conj           #...         99%         1    ##.....
 Pain                     Necr           #...         99%         1    ##.....
 Shock                    Conj/Air       #...         99%         1    ##.....
 Summon Butterflies       Summ           #.......     99%         1    ##.....
 Summon Small Mammal      Summ           #...         99%         1    ##.....
 Blink                    Tloc           N/A          100%        2    ###....
 Call Imp                 Summ           #.......     100%        2    ###....
 Corpse Rot               Necr           N/A          100%        2    ###....
 Ensorcelled Hibernation  Hex/Ice        #.....       100%        2    ###....
 Shroud of Golubria       Chrm/Tloc      #.....       100%        2    ###....
 Slow                     Hex            #.......     100%        2    ###....
 Song of Slaying          Chrm           #.......     100%        2    ###....
 Sublimation of Blood     Necr           #.........   100%        2    ###....
 Swiftness                Chrm/Air       #.......     100%        2    ###....
 Throw Flame              Conj/Fire      #.....       100%        2    ###....
 Call Canine Familiar     Summ           #.......     100%        3    ####...
 Confuse                  Hex            #.......     100%        3    ####...
 Conjure Flame            Conj/Fire      #.......     100%        3    ####...
 Dazzling Spray           Conj/Hex       #.....       100%        3    ####...
 Inner Flame              Hex/Fire       #.......     100%        3    ####...
 Mephitic Cloud           Conj/Pois/Air  #.......     100%        3    ####...
 Regeneration             Chrm/Necr      #.........   100%        3    ####...
 Spectral Weapon          Hex/Chrm       #.......     100%        3    ####...
 Static Discharge         Conj/Air       #.......     100%        3    ####...
 Tukima's Dance           Hex            #.......     100%        3    ####...
 Vampiric Draining        Necr           #.........   100%        3    ####...
 Airstrike                Air            #.........   100%        4    #####..
 Animate Dead             Necr           N/A          100%        4    #####..
 Cause Fear               Hex            #.........   100%        4    #####..
 Sticky Flame             Conj/Fire      #.......     100%        4    #####..
 Summon Lightning Spire   Summ/Air       #.......     100%        4    #####..
 Throw Icicle             Conj/Ice       #.......     100%        4    #####..
 Agony                    Necr           #.......     100%        5    ######.
 Aura of Abjuration       Summ           #.........   100%        5    ######.
 Bolt of Magma            Conj/Fire/Erth #.........   100%        5    ######.
 Excruciating Wounds      Chrm/Necr      #.........   100%        5    ######.
 Fireball                 Conj/Fire      #.........   100%        5    ######.
 Iskenderun's Battlesphe  Conj/Chrm      #.......     100%        5    ######.
 Lightning Bolt           Conj/Air       #.........   100%        5    ######.
 Silence                  Hex/Air        #.........   100%        5    ######.
 Venom Bolt               Conj/Pois      #.........   100%        5    ######.
 Bolt of Fire             Conj/Fire      #.........   100%        6    #######
 Conjure Ball Lightning   Conj/Air       #.........   100%        6    #######
 Death Channel            Necr           #.........   100%        6    #######
 Deflect Missiles         Chrm/Air       #.........   100%        6    #######
 Iron Shot                Conj/Erth      #.........   100%        6    #######
 Shadow Creatures         Summ           N/A          100%        6    #######
 Simulacrum               Ice/Necr       #.........   100%        6    #######
 Dragon Form              Tmut           #.........   100%        7    #######
 Orb of Destruction       Conj           #.........   100%        7    #######
 Spellforged Servitor     Conj/Summ      #.........   100%        7    #######
 Dragon's Call            Summ           #.........   100%        9    #######
 Tornado                  Air            #.........   100%        9    #######


Dungeon Overview and Level Annotations

Branches:
Dungeon (15/15)            Temple (1/1) D:7            Lair (6/6) D:8
  Swamp (4/4) Lair:4       Spider (4/4) Lair:4        Slime (5/5) Lair:6
    Orc (2/2) D:10            Elf (2/3) Orc:2        Vaults (4/5) D:13
  Crypt (0/3) Vaults:3     Depths (5/5) D:15            Zot (5/5) Depths:5
 WizLab (visited)

Altars:
Ashenzari
Cheibriados
Dithmenos
Elyvilon
Fedhas
Gozag
Hepliaklqana
Kikubaaqudgha
Makhleb
Nemelex Xobeh
Okawaru
Qazlal
Ru
Sif Muna
Trog
Uskayaw
Vehumet
Wu Jian
Xom
Yredelemnul
Zin
The Shining One
Beogh
Jiyva

Shops:
D:12 :   Orc:2 [(:**   Vaults:1 !   Vaults:2 (   Depths:3 !

Portals:
Hell: Depths:1 Depths:2 Depths:3 Depths:4 Depths:5
Abyss: Depths:2 Depths:3 Depths:4
Pandemonium: Depths:1 Depths:3
Ziggurat: Depths:4
Trove: Vaults:2 (give horn of Geryon)

Annotations:
Slime:5 Royal Jelly
Vaults:3 3 runed translucent doors, 1 exclusion, Geloitur's ghost, veteran SpEE
Depths:1 2 transporters, Hyawatha's ghost, journeyman DsAK
Depths:2 1 runed translucent door, Caod Rusk's ghost, journeyman SpBe
Depths:4 1 runed translucent door
Zot:5 2 transporters, bmfx's ghost, legendary MiSk


Innate Abilities, Weirdness & Mutations

You are too large for most types of armour.
You have claws for hands.
Your metabolism is lightning-fast.
You like to eat raw meat.
Your natural rate of healing is unusually fast.
Your thick and shaggy fur keeps you warm. (AC +3, rC+)
You have extremely tough skin. (AC +3)
You have large cloven feet.
You are partially covered in iridescent scales. (AC +2)
Your mind is acute. (Int +2)
You are clumsy. (Dex -2)
Your body sometimes deteriorates upon taking damage.
Your magical capacity is low. (-10% MP)
You are resistant to hostile enchantments. (MR+)
You passively map a large area around you.
You are resistant to electric shocks. (rElec)
Armour fits poorly on your massive pseudopods.
Your translucent skin slightly reduces your foes' accuracy. (Stealth)
You have a small jelly attached to you that senses nearby items.


Message History

Unknown command.
Unknown command.
A thick mucus forms on your claws.
The orb of fire glows red.
The fireball explodes!
The fireball engulfs you!! You resist.
* * * LOW HITPOINT WARNING * * *
The fireball engulfs the Brimstone Fiend.
The Brimstone Fiend completely resists.
The fireball engulfs the orb of fire.
The orb of fire completely resists.
You block the Brimstone Fiend's attack.
The Brimstone Fiend hits you but does no damage.
The Brimstone Fiend hits you.
* * * LOW HITPOINT WARNING * * *
You mangle the Brimstone Fiend!!
You kick the Brimstone Fiend, but do no damage.
You bludgeon the Brimstone Fiend, but do no damage.
The Brimstone Fiend is moderately wounded.
An orb of fire comes into view.
The orb of fire glows yellow.
The fireball explodes!
The fireball engulfs you!! You resist.
You die...

......,,,,,,,,,,,,***,,,,,,,***,,
.....,,,,,,,,,,,,,* ********* *,,
^....,,,,,,,,,,,,** **,
....,,,,,,,,,,,*** **
....,,,,,,,,****
...##▓▓▓▓▓▓▓▓▓▓▓# #
.............21.### ###
...........X##*...## ##..
.........1.^.###@..###########...
^.............###......*........#
..............# ##.............##
..............# #.............#
........^....^# ##...........##
..........J...# #...........#
.............^# ##...........##
.............## #.............#
............## ##.............##


You could see 2 orbs of fire, a Brimstone Fiend and a green death.

Vanquished Creatures
  3 orbs of fire
  Mara (Depths:2)
  6 ancient liches
  7 Killer Klowns (Zot:5)
  3 curse toes
  9 golden dragons
  A bone dragon (Depths:4)
  Nikola (Vaults:2)
  the Enchantress (Depths:1)
  3 electric golems
  15 tentacled monstrosities
  10 Orb Guardians
  3 quicksilver dragons
  4 liches
  2 sphinxes
  9 death cobs
  Kirke (D:13)
  A thorn hunter (Swamp:1)
  7 shadow dragons
  7 draconian monks
  13 storm dragons
  2 tengu reavers (Depths:1)
  Donald (Swamp:3)
  8 fire giants
  10 ghost moths
  An iron dragon (Depths:1)
  6 frost giants
  A cacodemon (Depths:1)
  Aizul (Swamp:1)
  Louise (Depths:2)
  3 draconian shifters
  An orc warlord (Orc:1)
  2 draconian scorchers
  2 draconian knights
  5 emperor scorpions
  5 draconian stormcallers
  A juggernaut zombie (Depths:4)
  5 spriggan defenders
  6 vault wardens
  A deep elf elementalist (Elf:2)
  10 ironheart preservers
  5 entropy weavers
  3 draconian annihilators
  14 stone giants
  12 very ugly things
  Nessos (D:14)
  3 green draconians
  5 vampire knights
  2 deep elf demonologists
  13 white draconians
  14 black draconians
  Azrael (Elf:1)
  12 red draconians
  3 purple draconians
  A dire elephant (Lair:6)
  8 yellow draconians
  5 spark wasps
  2 deep elf death magi (Depths:4)
  2 small abominations
  13 fire dragons
  A blizzard demon (Depths:3)
  6 ettins
  A deep elf high priest (Depths:2)
  13 yaktaur captains
  Erolcha (D:13)
  2 jiangshi (Depths:2)
  8 vault guards
  A peacekeeper (Vaults:4)
  A shambling mangrove (Swamp:4)
  4 rakshasas
  8 spriggan air magi
  21 hydras
  11 ice dragons
  3 ghost crabs
  19 centaur warriors
  35 two-headed ogres
  A catoblepas (Lair:6)
  3 tengu warriors
  9 alligators
  9 death yaks
  5 dancing weapons
  13 deep troll shamans
  10 spriggan berserkers
  3 orc high priests
  11 deep troll earth magi
  4 vampire magi
  17 ogre magi
  15 deep elf knights
  4 hell knights
  A sun demon (Depths:1)
  A storm dragon zombie (Vaults:3)
  9 spriggans
  2 soul eaters
  2 fire crabs
  10 skeletal warriors
  5 shadow wraiths
  20 iron trolls
  5 unseen horrors
  A spriggan druid (Swamp:4)
  6 flayed ghosts
  A death drake (shapeshifter) (Depths:2)
  16 swamp dragons
  47 deep trolls
  8 deep elf archers
  A shadow demon (Depths:5)
  4 wizards
  Pikel (D:5)
  2 harpies (shapeshifter)
  14 ironbrand convokers
  A tengu zombie (Vaults:3)
  2 wolf spider zombies
  22 orc knights
  4 necromancers
  21 orb spiders
  5 harpies (Vaults:3)
  49 deep elf magi
  A fire giant zombie (Depths:4)
  27 wolf spiders
  3 frost giant zombies (Depths:4)
  7 orc sorcerers
  42 ugly things
  5 cyclopes
  2 slime creatures (D:9)
  A manticore (shapeshifter) (Depths:3)
  3 salamanders (Depths:4)
  11 elephants (Lair:6)
  9 vault sentinels
  25 moths of wrath
  Joseph (D:7)
  A torpor snail (Spider:2)
  2 black mambas (shapeshifter)
  Maurice (D:8)
  5 black mambas
  A gargoyle (D:15)
  4 rime drakes
  14 spiny frogs
  2 orange demons
  A komodo dragon (shapeshifter) (Depths:2)
  2 spiny frogs (shapeshifter)
  2 freezing wraiths
  40 yaktaurs
  2 efreet
  3 kobold demonologists
  15 demonic crawlers
  2 komodo dragons
  An ice devil (Depths:3)
  A red devil (Depths:3)
  A tengu conjurer (D:15)
  41 jumping spiders
  A hornet (shapeshifter) (Vaults:1)
  9 trolls
  Prince Ribbit (D:6)
  Grinder (D:6)
  A wind drake (shapeshifter) (Depths:3)
  18 hornets
  A sphinx simulacrum (Vaults:1)
  6 meliai
  2 saltlings (Vaults:4)
  A raiju (shapeshifter) (Elf:1)
  14 bog bodies
  4 tyrant leeches
  2 dream sheep (D:8)
  6 polar bears
  A hippogriff (shapeshifter) (Depths:2)
  19 blink frogs
  A blink frog (shapeshifter) (Vaults:1)
  2 human simulacra (Vaults:3)
  A meliai zombie (D:13)
  12 hippogriffs
  14 water elementals
  55 redbacks
  4 wraiths
  Sigmund (D:6)
  A shadow (D:13)
  19 tarantellas
  51 yaks
  2 centaur simulacra
  2 steam dragons (D:10)
  Eustachio (D:6)
  3 basilisks
  7 humans (D:13)
  4 fire elementals (Elf:1)
  3 vampires (WizLab)
  15 vampire mosquitoes
  A basilisk (shapeshifter) (Vaults:2)
  A chaos spawn (Depths:3)
  2 fire bats (Depths:4)
  5 wargs
  5 hungry ghosts
  8 swamp worms
  24 insubstantial wisps
  2 two-headed ogre zombies (WizLab)
  7 water moccasins
  3 hell hounds (Elf:1)
  2 soldier ants (D:11)
  4 porcupines
  A meliai simulacrum (D:15)
  12 swamp drakes
  4 slaves (D:5)
  A hornet zombie (D:15)
  A black bear (shapeshifter) (Vaults:2)
  A sky beast (D:14)
  36 orc warriors
  9 black bears
  A necrophage (D:13)
  An eye of draining (D:9)
  4 ice beasts
  39 ogres
  10 wolves
  2 boggarts (Depths:5)
  3 phantoms
  30 centaurs
  12 crocodiles
  5 big kobolds
  A human zombie (Vaults:3)
  A gnoll sergeant (D:9)
  21 bullfrogs
  2 earth elementals (Elf:2)
  2 wyvern skeletons
  A water moccasin skeleton (D:6)
  4 scorpions
  4 troll zombies (WizLab)
  8 killer bees
  10 wights
  4 howler monkeys
  12 crimson imps
  2 bullfrog zombies
  A quasit (D:7)
  7 centaur zombies
  7 hounds
  12 orc priests
  3 centaur skeletons
  A gnoll shaman (D:8)
  2 jellies (Lair:6)
  19 orc wizards
  2 iguanas
  9 worker ants
  A killer bee zombie (D:8)
  4 ogre zombies (WizLab)
  A hound zombie (D:8)
  2 worker ant zombies
  14 gnolls
  12 adders
  4 shadow imps
  3 oozes
  An adder skeleton (D:4)
  2 adder zombies
  4 worms
  5 leopard geckos
  63 orcs
  5 ball pythons
  11 giant cockroaches
  19 goblins
  14 hobgoblins
  7 jackals
  19 kobolds
  9 quokkas
  5 bats
  2 frilled lizards
  A quokka skeleton (D:7)
  8 rats
  A bush (Lair:5)
  A crawling corpse (Depths:2)
1949 creatures vanquished.

Vanquished Creatures (others)
  An acid blob (Depths:5)
  Roxanne (Elf:1)
  A storm dragon (shapeshifter) (D:15)
  A frost giant (D:15)
  A draconian annihilator (Zot:1)
  A red draconian (Zot:1)
  11 great orbs of eyes
  A hydra (Swamp:2)
  A ghost crab (Swamp:4)
  2 centaur warriors
  An ogre mage (D:15)
  Erica (D:8)
  An alligator (Swamp:1)
  A two-headed ogre (Orc:2)
  2 tengu warriors
  2 deep elf knights
  Sonja (Orc:1)
  A deep troll (D:15)
  A shadow demon (Depths:5)
  2 spriggan druids
  A wizard (Depths:1)
  A glowing orange brain (Depths:2)
  A harpy (shapeshifter) (Vaults:3)
  A deep elf archer (Elf:1)
  A shining eye (shapeshifter) (Vaults:1)
  An ugly thing (Depths:3)
  3 orc knights (Elf:1)
  2 deep elf magi
  A moth of wrath (shapeshifter) (Depths:5)
  A moth of wrath (Zot:1)
  4 spiny frogs
  4 yaktaurs
  44 slime creatures
  A rime drake (shapeshifter) (Depths:1)
  A tengu conjurer (Depths:4)
  A meliai (D:15)
  A queen bee (shapeshifter) (Depths:1)
  A troll (D:13)
  A meliai (shapeshifter) (D:15)
  A tyrant leech (Swamp:3)
  2 hornets
  2 bog bodies
  A slime creature (shapeshifter) (Depths:1)
  A hippogriff (shapeshifter) (Depths:3)
  3 shadows
  A redback (Spider:1)
  A vampire (D:14)
  A tarantella (shapeshifter) (D:15)
  A wraith (D:14)
  2 humans (D:13)
  A hungry ghost (D:15)
  2 vampire mosquitoes (Swamp:4)
  3 insubstantial wisps (Swamp:1)
  A swamp worm (shapeshifter) (Depths:5)
  4 swamp worms
  A floating eye (shapeshifter) (Vaults:1)
  A floating eye (Depths:5)
  3 orc warriors (Elf:1)
  A swamp drake (Swamp:2)
  A black bear (Lair:6)
  A phantom (D:13)
  2 ogres
  An eye of draining (shapeshifter) (Depths:1)
  15 centaurs
  A wolf (shapeshifter) (Vaults:1)
  A crocodile (Lair:6)
  A bullfrog (D:12)
  350 jellies
  2 crimson imps
  A hound (D:12)
  9 orc priests
  An orc wizard (Orc:2)
  A shadow imp (D:14)
  A white imp (Depths:4)
  9 orcs
  A hobgoblin (D:1)
  A quokka (D:12)
  A bush (Depths:3)
  37 fungi
  109 plants
  4 toadstools (D:1)
688 creatures vanquished.

Grand Total: 2637 creatures vanquished

Notes
Turn   | Place    | Note
-------+----------+-------------------------------------------
     0 | D:1      | toffzen the Troll Fighter began the quest for the Orb.
     0 | D:1      | Reached XP level 1. HP: 22/22 MP: 0/0
    23 | D:1      | Found a snail-covered altar of Cheibriados.
   155 | D:1      | Reached XP level 2. HP: 27/29 MP: 1/1
   511 | D:2      | Reached skill level 3 in Unarmed Combat
   536 | D:2      | Reached XP level 3. HP: 35/36 MP: 2/2
   952 | D:2      | Reached XP level 4. HP: 45/45 MP: 3/3
  1050 | D:2      | Found a glowing golden altar of the Shining One.
  1323 | D:2      | Reached skill level 4 in Unarmed Combat
  1334 | D:3      | Reached XP level 5. HP: 53/53 MP: 4/4
  1606 | D:3      | Reached skill level 5 in Unarmed Combat
  2085 | D:4      | Reached XP level 6. HP: 62/62 MP: 5/5
  2496 | D:4      | Reached skill level 6 in Unarmed Combat
  2540 | D:4      | Reached XP level 7. HP: 45/71 MP: 6/6
  3036 | D:5      | Entered Level 5 of the Dungeon
  3082 | D:5      | Found a blossoming altar of Fedhas.
  3310 | D:5      | Reached skill level 7 in Unarmed Combat
  3466 | D:5      | You fall into a shaft and drop 3 floors!
  3466 | D:8      | Noticed Maurice
  3469 | D:8      | Noticed Erica
  3472 | D:8      | Killed Maurice
  3472 | D:8      | Reached skill level 5 in Fighting
  3472 | D:8      | Reached skill level 8 in Unarmed Combat
  3472 | D:8      | Reached XP level 8. HP: 59/80 MP: 7/7
  3477 | D:8      | Found a glowing silver altar of Zin.
  3477 | D:8      | Noticed an angel
  3642 | D:7      | Noticed a hippogriff
  3646 | D:7      | Found a staircase to the Ecumenical Temple.
  3653 | D:7      | Killed a hippogriff
  3671 | D:7      | Reached skill level 9 in Unarmed Combat
  3715 | Temple   | Entered the Ecumenical Temple
  3730 | Temple   | Became a worshipper of Elyvilon the Healer
  3845 | D:6      | Noticed Eustachio
  3856 | D:6      | Killed Eustachio
  3962 | D:6      | Noticed Sigmund
  3976 | D:6      | Reached XP level 9. HP: 76/89 MP: 8/8
  3982 | D:6      | Killed Sigmund
  3982 | D:6      | Reached skill level 10 in Unarmed Combat
  4157 | D:6      | Noticed Prince Ribbit
  4171 | D:6      | Killed Prince Ribbit
  4340 | D:5      | Noticed Pikel
  4354 | D:5      | Killed Pikel
  4403 | D:5      | Found a sacrificial altar of Ru.
  4433 | D:5      | Reached skill level 11 in Unarmed Combat
  4463 | D:5      | Found a hazy altar of Hepliaklqana.
  4475 | D:5      | Reached * piety under Elyvilon
  4667 | D:5      | Found a shimmering blue altar of Sif Muna.
  4750 | D:5      | Found a bloodstained altar of Trog.
  5044 | D:6      | Noticed Grinder
  5057 | D:6      | Paralysed by Grinder for 2 turns
  5060 | D:6      | Killed Grinder
  5572 | D:7      | Noticed Joseph
  5596 | D:7      | Reached XP level 10. HP: 84/102 MP: 9/9
  5598 | D:7      | Killed Joseph
  5822 | D:8      | Reached skill level 12 in Unarmed Combat
  6072 | D:8      | Reached ** piety under Elyvilon
  6091 | D:8      | Found a shimmering altar of Xom.
  6184 | D:8      | Killed Erica
  6210 | D:8      | Noticed a three-headed hydra
  6489 | D:8      | Found a staircase to the Lair.
  6628 | D:8      | Killed a one-headed hydra
  7082 | D:9      | Noticed a two-headed ogre
  7153 | D:9      | Killed a two-headed ogre
  7153 | D:9      | Reached skill level 13 in Unarmed Combat
  7153 | D:9      | Reached XP level 11. HP: 111/111 MP: 10/10
  7276 | D:9      | Found a glowing golden altar of the Shining One.
  7276 | D:9      | Found a shadowy altar of Dithmenos.
  7278 | D:9      | Found a sparkling altar of Nemelex Xobeh.
  7280 | D:9      | Found an ornate altar of the Wu Jian Council.
  7419 | D:9      | Found a hide-covered altar of Uskayaw.
  7731 | D:9      | Reached *** piety under Elyvilon
  7735 | D:9      | Noticed a two-headed ogre
  7741 | D:9      | Killed a two-headed ogre
  8074 | D:10     | Entered Level 10 of the Dungeon
  8386 | D:10     | Found a staircase to the Orcish Mines.
  8774 | D:10     | Reached **** piety under Elyvilon
  8970 | Lair:1   | Entered Level 1 of the Lair of Beasts
  8970 | Lair:1   | Found a burning altar of Makhleb.
  9157 | Lair:1   | Reached skill level 5 in Dodging
  9167 | Lair:1   | Reached skill level 5 in Shields
  9186 | Lair:1   | Noticed a six-headed hydra
  9199 | Lair:1   | Killed a one-headed hydra
  9322 | Lair:1   | Reached skill level 14 in Unarmed Combat
  9695 | Lair:1   | Reached XP level 12. HP: 81/123 MP: 11/11
  9781 | Lair:2   | Found a gate leading to a gauntlet.
 10515 | Lair:3   | Reached ***** piety under Elyvilon
 11675 | Lair:4   | Noticed a death yak
 11675 | Lair:4   | Noticed a death yak
 11676 | Lair:4   | Noticed a death yak
 11676 | Lair:4   | Noticed a death yak
 11677 | Lair:4   | Noticed a death yak
 11711 | Lair:3   | Killed a death yak
 11816 | Lair:4   | Noticed a seven-headed hydra
 11824 | Lair:4   | Killed a four-headed hydra
 12323 | Lair:4   | Killed a death yak
 12323 | Lair:4   | Reached skill level 15 in Unarmed Combat
 12378 | Lair:3   | Killed a death yak
 12669 | Lair:4   | Killed a death yak
 12812 | Lair:4   | Found a staircase to the Swamp.
 13234 | Lair:4   | Found a hole to the Spider Nest.
 13663 | Lair:5   | Reached XP level 13. HP: 114/133 MP: 12/12
 13963 | Lair:5   | Found a blossoming altar of Fedhas.
 13996 | Lair:5   | Reached skill level 10 in Fighting
 14286 | Lair:5   | Reached ****** piety under Elyvilon
 14753 | Lair:6   | Entered Level 6 of the Lair of Beasts
 14906 | Lair:6   | Found a runed translucent door.
 14907 | Lair:6   | Found a viscous altar of Jiyva.
 14909 | Lair:6   | Found a staircase to the Slime Pits.
 14930 | Lair:6   | Fell from the grace of Elyvilon
 14930 | Lair:6   | Became a worshipper of Jiyva Joihol the Shapeless
 15147 | Lair:6   | Reached * piety under Jiyva
 15178 | Lair:6   | Upgraded the game from 0.25-a0-110-ge29c8f2358 to
                  | 0.25-a0-156-g0c4bda3fdf
 16953 | D:3      | Reached ** piety under Jiyva
 17353 | Lair:3   | Reached skill level 16 in Unarmed Combat
 17863 | Lair:6   | Reached *** piety under Jiyva
 17886 | Lair:6   | Found the amulet of the Air {Inacc +Fly rElec EV+5 RMsl}
 17952 | Lair:6   | Gained mutation: Armour fits poorly on your pseudopods.
                  | [Jiyva's grace]
 18132 | Lair:6   | Reached **** piety under Jiyva
 18607 | Lair:6   | Reached XP level 14. HP: 119/144 MP: 13/13
 18744 | Lair:6   | Got fine fire dragon scales
 18766 | Lair:6   | Identified the +9 fire dragon scales "Buiphitu" {-Tele rF++
                  | rC- MR+ Dex+6} (You found it on level 6 of the Lair of
                  | Beasts)
 18840 | Lair:6   | Reached ***** piety under Jiyva
 18840 | Lair:6   | Gained mutation: You are partially covered in iridescent
                  | scales. (AC +2) [Jiyva's grace]
 19075 | Orc:1    | Entered Level 1 of the Orcish Mines
 19284 | Orc:1    | Killed Sonja
 19287 | Orc:2    | Entered Level 2 of the Orcish Mines
 19483 | Orc:2    | Found Ulutsi's Mass Market.
 19651 | Orc:2    | Lost mutation: Armour fits poorly on your pseudopods.
                  | [Jiyva's grace]
 19713 | Orc:1    | Gained mutation: You are clumsy. (Dex -2) [Jiyva's grace]
 19763 | Orc:1    | Reached ****** piety under Jiyva
 19767 | Orc:1    | Gained mutation: You are partially covered in large bone
                  | plates. (SH +4) [Jiyva's grace]
 19770 | Orc:1    | Reached skill level 1 in Armour
 20014 | Orc:2    | Gained mutation: You are mostly covered in iridescent
                  | scales. (AC +4) [Jiyva's grace]
 20040 | Orc:2    | Noticed an orc warlord
 20073 | Orc:1    | Killed an orc warlord
 20130 | Orc:2    | Gained mutation: Your rubbery body absorbs attacks. (AC +1,
                  | EV +1) [Jiyva's grace]
 20170 | Orc:2    | Reached skill level 17 in Unarmed Combat
 20197 | Orc:2    | Lost mutation: You are clumsy. (Dex -2) [Jiyva's grace]
 20231 | Orc:2    | Found a roughly hewn altar of Beogh.
 20305 | Orc:2    | Found Ucis's General Store.
 20349 | Orc:2    | Found Fuaxaent's Antique Weapon Boutique.
 20386 | Orc:2    | Found Ava Unia's Antique Armour Boutique.
 20386 | Orc:2    | Gained mutation: You have an increased reservoir of magic.
                  | (+10% MP) [Jiyva's grace]
 20401 | Orc:2    | Found Idaffo's Book Boutique.
 20442 | Orc:2    | Found a staircase to the Elven Halls.
 21042 | Slime:1  | Entered Level 1 of the Pits of Slime
 21063 | Slime:1  | Noticed an azure jelly
 21111 | Slime:3  | Noticed an acid blob
 21115 | Slime:4  | Noticed an azure jelly
 21119 | Slime:5  | Entered Level 5 of the Pits of Slime
 21119 | Slime:5  | Noticed an acid blob
 21122 | Slime:5  | Gained mutation: Your mind is acute. (Int +2) [Jiyva's
                  | grace]
 21125 | Slime:5  | Gained mutation: You passively map a small area around you.
                  | [Jiyva's grace]
 21127 | Slime:5  | Gained mutation: You are covered in slimy tendrils that may
                  | disarm your opponents. [Jiyva's grace]
 21130 | Slime:5  | Gained mutation: You expend magic power (3 MP) to
                  | strengthen your wands. [Jiyva's grace]
 21134 | Slime:5  | Gained mutation: Your pliable body absorbs attacks. (AC +2,
                  | EV +2) [Jiyva's grace]
 21138 | Slime:5  | Found a viscous altar of Jiyva.
 21140 | Slime:5  | Noticed an azure jelly
 21140 | Slime:5  | Noticed an azure jelly
 21141 | Slime:5  | Noticed an azure jelly
 21141 | Slime:5  | Noticed an acid blob
 21142 | Slime:5  | Noticed an acid blob
 21144 | Slime:5  | Noticed an acid blob
 21147 | Slime:5  | Got a slimy rune of Zot
 21151 | Slime:5  | Found the +0 staff of Battle
 21152 | Slime:5  | Noticed the Royal Jelly
 21153 | Slime:5  | Noticed an acid blob
 21158 | Slime:5  | Identified the +8 hand crossbow "Buppaizu" {elec, rN+ MR+
                  | Stlth+} (You found it on level 5 of the Pits of Slime)
 21197 | Slime:5  | Noticed an azure jelly
 21225 | Slime:2  | Noticed an acid blob
 21228 | Slime:2  | Noticed an azure jelly
 21229 | Slime:2  | Noticed an acid blob
 21229 | Slime:2  | Noticed an acid blob
 21240 | Slime:1  | Noticed an acid blob
 21244 | Slime:1  | Noticed an azure jelly
 21261 | Slime:1  | Noticed an acid blob
 21897 | D:11     | Lost mutation: Your mind is acute. (Int +2) [Jiyva's grace]
 21900 | D:11     | Gained mutation: You are agile. (Dex +2) [Jiyva's grace]
 22354 | D:12     | Found Paexe's Book Shop.
 22392 | D:12     | Gained mutation: You occasionally shout uncontrollably at
                  | your foes. [Jiyva's grace]
 23038 | D:13     | Found a gate to the Vaults.
 23163 | D:13     | Noticed Kirke
 23169 | D:13     | Killed Kirke
 23226 | D:13     | You fall into a shaft and drop 2 floors!
 23226 | D:15     | Entered Level 15 of the Dungeon
 23238 | D:15     | Lost mutation: You are agile. (Dex +2) [Jiyva's grace]
 23283 | D:15     | Reached XP level 15. HP: 143/154 MP: 15/15
 23305 | D:15     | Gained mutation: You evolve. [Jiyva's grace]
 23348 | D:14     | Reached skill level 18 in Unarmed Combat
 23688 | D:13     | Noticed Erolcha
 23691 | D:13     | Killed Erolcha
 23987 | D:13     | Gained mutation: You possess an exceptional clarity of
                  | mind. [Jiyva's grace]
 24071 | D:14     | Gained mutation: You are resistant to electric shocks.
                  | (rElec) [Jiyva's grace]
 24096 | D:14     | Noticed Nessos
 24104 | D:14     | Killed Nessos
 24104 | D:14     | Reached skill level 5 in Armour
 24896 | D:15     | Gained mutation: Your translucent skin slightly reduces
                  | your foes' accuracy. (Stealth) [Jiyva's grace]
 25041 | D:15     | Lost mutation: Your translucent skin slightly reduces your
                  | foes' accuracy. (Stealth) [Jiyva's grace]
 25049 | D:15     | Found a sacrificial altar of Ru.
 25049 | D:15     | Found a stormy altar of Qazlal.
 25059 | D:15     | Found a sacrificial altar of Ru.
 25122 | D:15     | Gained mutation: You passively map the area around you.
                  | [Jiyva's grace]
 25151 | D:15     | Noticed a frost giant
 25172 | D:15     | Killed a frost giant
 25210 | D:15     | Gained mutation: You passively map a large area around you.
                  | [Jiyva's grace]
 25220 | D:15     | Killed a frost giant
 25224 | D:15     | Killed a storm dragon
 25284 | D:15     | Gained mutation: You have a small jelly attached to you
                  | that senses nearby items. [Jiyva's grace]
 25341 | D:15     | Noticed a sphinx
 25344 | D:15     | Noticed a fire giant
 25352 | D:15     | Killed a fire giant
 25352 | D:15     | Reached skill level 19 in Unarmed Combat
 25360 | D:15     | Killed a sphinx
 25372 | D:15     | Lost mutation: You are covered in slimy tendrils that may
                  | disarm your opponents. [Jiyva's grace]
 25373 | D:15     | Got a warped hat
 25379 | D:15     | Identified the -4 hat of the Fiddle {*Corrode +Blink Str+4}
                  | (You found it on level 15 of the Dungeon)
 25388 | D:15     | Found the +2 shield of Resistance {rF+ rC+ MR+}
 25537 | D:15     | Noticed a fire giant
 25561 | D:15     | Killed a fire giant
 25561 | D:15     | Reached XP level 16. HP: 167/167 MP: 16/16
 25582 | D:15     | Gained mutation: Your spells are a little harder to cast,
                  | but a little more powerful. [Jiyva's grace]
 25767 | D:15     | Found a staircase to the Depths.
 26112 | Spider:1 | Entered Level 1 of the Spider Nest
 26280 | Spider:1 | Lost mutation: You occasionally shout uncontrollably at
                  | your foes. [evolution]
 26309 | Spider:1 | Gained mutation: Armour fits poorly on your pseudopods.
                  | [Jiyva's grace]
 28238 | Spider:2 | Lost mutation: You are partially covered in large bone
                  | plates. (SH +4) [Jiyva's grace]
 28410 | Spider:2 | Lost mutation: You possess an exceptional clarity of mind.
                  | [evolution]
 28659 | Spider:3 | Reached skill level 20 in Unarmed Combat
 29968 | Spider:4 | Entered Level 4 of the Spider Nest
 30015 | Spider:3 | Lost mutation: Your pliable body absorbs attacks. (AC +2,
                  | EV +2) [Jiyva's grace]
 30533 | Spider:4 | Reached XP level 17. HP: 167/178 MP: 17/17
 30972 | Spider:4 | Lost mutation: You are mostly covered in iridescent scales.
                  | (AC +4) [Jiyva's grace]
 31812 | Spider:4 | Got a gossamer rune of Zot
 32087 | Lair:4   | Upgraded the game from 0.25-a0-156-g0c4bda3fdf to
                  | 0.25-a0-161-gb7fd73da8f
 32168 | D:8      | Lost mutation: You evolve. [Jiyva's grace]
 32302 | Elf:1    | Entered Level 1 of the Elven Halls
 32851 | Elf:1    | Noticed Azrael
 32880 | Elf:1    | Killed Azrael
 32981 | Elf:1    | Identified the Papyrus of Creation
 33440 | Elf:1    | Lost mutation: You are resistant to electric shocks.
                  | (rElec) [Jiyva's grace]
 33477 | Elf:1    | Noticed Roxanne
 33493 | Elf:1    | Gained mutation: Your flesh is cold resistant. (rC+)
                  | [Jiyva's grace]
 33534 | Elf:1    | Lost mutation: Armour fits poorly on your pseudopods.
                  | [Jiyva's grace]
 33540 | Elf:1    | Gained mutation: You have a somewhat thin skeletal
                  | structure. (Dex +2, Stealth) [Jiyva's grace]
 33935 | Elf:1    | Lost mutation: You expend magic power (3 MP) to strengthen
                  | your wands. [Jiyva's grace]
 34005 | Elf:2    | Reached skill level 21 in Unarmed Combat
 34059 | Elf:1    | Killed Roxanne
 34060 | Elf:1    | Gained mutation: You are mostly covered in iridescent
                  | scales. (AC +4) [Jiyva's grace]
 34253 | Elf:2    | Gained mutation: You have a considerably increased
                  | reservoir of magic. (+20% MP) [Jiyva's grace]
 34500 | Elf:2    | Lost mutation: You have a considerably increased reservoir
                  | of magic. (+20% MP) [Jiyva's grace]
 34520 | Elf:2    | Lost mutation: Your spells are a little harder to cast, but
                  | a little more powerful. [Jiyva's grace]
 35077 | Vaults:1 | Entered Level 1 of the Vaults
 35208 | Vaults:1 | Reached XP level 18. HP: 188/188 MP: 18/18
 35380 | Vaults:1 | Lost mutation: Your rubbery body absorbs attacks. (AC +1,
                  | EV +1) [Jiyva's grace]
 35403 | Vaults:1 | Lost mutation: You have a small jelly attached to you that
                  | senses nearby items. [Jiyva's grace]
 35543 | Vaults:1 | Gained mutation: You heal very quickly. [Jiyva's grace]
 35545 | Vaults:1 | Paralysed by a hornet for 2 turns
 35556 | Vaults:1 | Lost mutation: You have a somewhat thin skeletal structure.
                  | (Dex +2, Stealth) [Jiyva's grace]
 35682 | Vaults:1 | Gained mutation: You have a small jelly attached to you
                  | that senses nearby items. [Jiyva's grace]
 35699 | Vaults:1 | Gained mutation: You evolve. [Jiyva's grace]
 35871 | Vaults:1 | Gained mutation: You are completely covered in iridescent
                  | scales. (AC +6) [Jiyva's grace]
 35889 | Vaults:1 | Gained mutation: Armour fits poorly on your pseudopods.
                  | [Jiyva's grace]
 35906 | Vaults:1 | Lost mutation: You have a small jelly attached to you that
                  | senses nearby items. [Jiyva's grace]
 35988 | Vaults:1 | Lost mutation: Armour fits poorly on your pseudopods.
                  | [Jiyva's grace]
 35994 | Vaults:1 | Gained mutation: You have large cloven feet. [Jiyva's
                  | grace]
 36227 | Vaults:1 | Found Tarix's Distillery.
 36239 | Vaults:1 | Gained mutation: You are covered in slimy tendrils that may
                  | disarm your opponents. [Jiyva's grace]
 36270 | Vaults:1 | Gained mutation: You are covered in thick fur. (AC +2)
                  | [Jiyva's grace]
 36277 | Vaults:1 | Reached skill level 10 in Armour
 36347 | Vaults:1 | Lost mutation: Your flesh is cold resistant. (rC+) [Jiyva's
                  | grace]
 36412 | Vaults:1 | Reached skill level 10 in Shields
 36425 | Vaults:1 | Reached skill level 10 in Dodging
 36475 | Vaults:1 | Lost mutation: You are covered in slimy tendrils that may
                  | disarm your opponents. [Jiyva's grace]
 36623 | Vaults:1 | Bought a potion of resistance for 200 gold pieces
 36623 | Vaults:1 | Bought a potion of heal wounds for 100 gold pieces
 36623 | Vaults:1 | Bought a potion of might for 80 gold pieces
 36623 | Vaults:1 | Bought a potion of curing for 60 gold pieces
 36623 | Vaults:1 | Bought a potion of curing for 60 gold pieces
 36623 | Vaults:1 | Bought a potion of agility for 80 gold pieces
 36623 | Vaults:1 | Bought a potion of invisibility for 160 gold pieces
 37079 | Vaults:2 | Found Saxeumatao's Weapon Shoppe.
 37503 | Vaults:2 | Noticed Nikola
 37518 | Vaults:2 | Killed Nikola
 37598 | Vaults:2 | Lost mutation: You have large cloven feet. [Jiyva's grace]
 37738 | Vaults:2 | Reached XP level 19. HP: 197/197 MP: 19/19
 38062 | Vaults:2 | Lost mutation: You heal very quickly. [Jiyva's grace]
 38139 | Vaults:2 | Gained mutation: You have a small jelly attached to you
                  | that senses nearby items. [Jiyva's grace]
 38254 | Vaults:2 | Noticed Frederick
 38257 | Vaults:2 | Found a portal to a secret trove of treasure.
 38258 | Vaults:2 | Slimified Frederick
 38258 | Vaults:2 | Noticed Frederick
 38258 | Vaults:2 | Frederick changed into Frederick the acid blob
 38433 | Vaults:3 | Reached skill level 22 in Unarmed Combat
 38664 | Vaults:3 | Found a staircase to the Crypt.
 38815 | Vaults:3 | Found a runed translucent gate.
 38815 | Vaults:3 | Found a runed translucent gate.
 38815 | Vaults:3 | Found a runed translucent gate.
 38969 | Vaults:3 | Reached skill level 1 in Throwing
 39008 | Vaults:3 | Lost mutation: You evolve. [Jiyva's grace]
 39125 | Vaults:3 | Gained mutation: Your flesh is heat resistant. (rF+)
                  | [Jiyva's grace]
 39684 | Vaults:3 | Noticed Geloitur's ghost (veteran SpEE)
 39806 | Vaults:3 | Upgraded the game from 0.25-a0-161-gb7fd73da8f to
                  | 0.25-a0-178-gc9f82b1288
 39806 | Vaults:3 | Upgraded the game from 0.25-a0-178-gc9f82b1288 to
                  | 0.25-a0-185-g6cfeca75b2
 39971 | Vaults:4 | Gained mutation: Your translucent skin slightly reduces
                  | your foes' accuracy. (Stealth) [Jiyva's grace]
 40075 | Vaults:4 | Lost mutation: You have a small jelly attached to you that
                  | senses nearby items. [Jiyva's grace]
 40162 | Vaults:4 | Gained mutation: You are resistant to electric shocks.
                  | (rElec) [Jiyva's grace]
 40355 | Vaults:4 | Gained mutation: You are covered in slimy tendrils that may
                  | disarm your opponents. [Jiyva's grace]
 40437 | Vaults:4 | Found a ruined gateway.
 40593 | Vaults:4 | Lost mutation: Your flesh is heat resistant. (rF+) [Jiyva's
                  | grace]
 40758 | Vaults:4 | Gained mutation: You can translocate small distances at
                  | will. [Jiyva's grace]
 40762 | Vaults:4 | Lost mutation: You can translocate small distances at will.
                  | [Jiyva's grace]
 40959 | Vaults:4 | Reached skill level 5 in Throwing
 41310 | Swamp:1  | Entered Level 1 of the Swamp
 41327 | Swamp:1  | Gained mutation: Your body has grown golden eyes which may
                  | confuse attackers. (Acc +3) [Jiyva's grace]
 41818 | Swamp:1  | Lost mutation: You are completely covered in iridescent
                  | scales. (AC +6) [Jiyva's grace]
 41878 | Swamp:1  | Noticed Aizul
 41892 | Swamp:1  | Killed Aizul
 42187 | Swamp:2  | Found the +8 lance "Wyrmbane" {slay drac, rPois rF+ rC+
                  | AC+3}
 42236 | Swamp:2  | Gained mutation: You have a pair of small horns on your
                  | head. [Jiyva's grace]
 42843 | Swamp:3  | Lost mutation: You passively map a large area around you.
                  | [Jiyva's grace]
 42942 | Swamp:3  | Noticed Donald
 42949 | Swamp:3  | Killed Donald
 43271 | Swamp:3  | Reached XP level 20. HP: 208/208 MP: 21/21
 43385 | Swamp:4  | Entered Level 4 of the Swamp
 43403 | Swamp:4  | Lost mutation: You are covered in slimy tendrils that may
                  | disarm your opponents. [Jiyva's grace]
 43676 | Swamp:4  | Gained mutation: Your mind is acute. (Int +2) [Jiyva's
                  | grace]
 44030 | Swamp:4  | Gained mutation: You have large cloven feet. [Jiyva's
                  | grace]
 44039 | Swamp:4  | Lost mutation: Your mind is acute. (Int +2) [Jiyva's grace]
 44377 | Swamp:4  | Lost mutation: You have a pair of small horns on your head.
                  | [Jiyva's grace]
 44421 | Swamp:4  | Got a decaying rune of Zot
 44764 | Swamp:4  | Lost mutation: Your translucent skin slightly reduces your
                  | foes' accuracy. (Stealth) [Jiyva's grace]
 44829 | Swamp:4  | Upgraded the game from 0.25-a0-185-g6cfeca75b2 to
                  | 0.25-a0-189-gf71692caf1
 45220 | Depths:1 | Entered Level 1 of the Depths
 45223 | Depths:1 | Found a gateway to Hell.
 45271 | D:15     | Gained mutation: Your translucent skin slightly reduces
                  | your foes' accuracy. (Stealth) [Jiyva's grace]
 45346 | Depths:1 | Gained mutation: You have a small jelly attached to you
                  | that senses nearby items. [Jiyva's grace]
 45353 | Depths:1 | Found a transporter.
 45382 | Depths:1 | Lost mutation: You have large cloven feet. [Jiyva's grace]
 45403 | Depths:1 | Found a one-way gate leading to the halls of Pandemonium.
 45408 | Depths:1 | Reached skill level 15 in Fighting
 45651 | Depths:1 | Gained mutation: You expend magic power (3 MP) to
                  | strengthen your wands. [Jiyva's grace]
 45679 | Depths:1 | Lost mutation: Your translucent skin slightly reduces your
                  | foes' accuracy. (Stealth) [Jiyva's grace]
 45682 | Depths:1 | Noticed the Enchantress
 45698 | Depths:1 | Killed the Enchantress
 45758 | Depths:1 | Lost mutation: You expend magic power (3 MP) to strengthen
                  | your wands. [Jiyva's grace]
 45764 | Depths:1 | Gained mutation: You are dopey. (Int -2) [Jiyva's grace]
 45882 | Depths:1 | Noticed Hyawatha's ghost (journeyman DsAK)
 45887 | Depths:1 | Found a sparkling altar of Nemelex Xobeh.
 45959 | Depths:1 | Found a transporter.
 46325 | Depths:1 | Gained mutation: You have a pair of small horns on your
                  | head. [Jiyva's grace]
 46476 | Depths:1 | Found the ring of Robustness {AC+8}
 46796 | Depths:2 | Found a magical portal.
 47007 | WizLab   | Noticed an antique lich
 47014 | WizLab   | Killed an antique lich
 47014 | WizLab   | Reached XP level 21. HP: 218/218 MP: 22/22
 47017 | WizLab   | Found the +9 sword of Zonguldrok {reap}
 47561 | Depths:2 | Lost mutation: You are dopey. (Int -2) [Jiyva's grace]
 47588 | Depths:2 | Noticed Louise
 47621 | Depths:2 | Killed Louise
 47750 | Depths:2 | Found a runed translucent door.
 47776 | Depths:2 | Found a one-way gate to the infinite horrors of the Abyss.
 47900 | Depths:2 | Gained mutation: Your translucent skin slightly reduces
                  | your foes' accuracy. (Stealth) [Jiyva's grace]
 47904 | Depths:2 | Gained mutation: Armour fits poorly on your pseudopods.
                  | [Jiyva's grace]
 47912 | Depths:2 | Noticed Caod Rusk's ghost (journeyman SpBe)
 47916 | Depths:2 | Lost mutation: You have an increased reservoir of magic.
                  | (+10% MP) [Jiyva's grace]
 48062 | Depths:2 | Gained mutation: You expend magic power (3 MP) to
                  | strengthen your wands. [Jiyva's grace]
 48106 | Depths:2 | Noticed Mara
 48118 | Depths:2 | Noticed toffzen's illusion
 48135 | Depths:2 | Killed Mara
 48149 | Depths:2 | Lost mutation: You are covered in thick fur. (AC +2)
                  | [Jiyva's grace]
 48563 | Depths:2 | Lost mutation: You expend magic power (3 MP) to strengthen
                  | your wands. [Jiyva's grace]
 48966 | Depths:3 | Gained mutation: You heal very quickly. [Jiyva's grace]
 49020 | Depths:3 | Identified Qikuch's Incunabulum of Battle Magic
 49144 | Depths:3 | Gained mutation: Armour fits poorly on your large
                  | pseudopods. [Jiyva's grace]
 49176 | Depths:3 | Noticed Jory
 49183 | Depths:3 | Slimified Jory
 49183 | Depths:3 | Noticed Jory
 49183 | Depths:3 | Jory changed into Jory the death ooze
 49189 | Depths:3 | Gained mutation: You expend magic power (3 MP) to
                  | strengthen your wands. [Jiyva's grace]
 49352 | Depths:3 | Gained mutation: You passively map a large area around you.
                  | [Jiyva's grace]
 49526 | Depths:3 | Reached skill level 23 in Unarmed Combat
 49802 | Depths:3 | Reached XP level 22. HP: 198/230 MP: 21/21
 49854 | Depths:3 | Found Ysohuimyvu's Distillery.
 49881 | Depths:3 | Bought a potion of heal wounds for 105 gold pieces
 49881 | Depths:3 | Bought a potion of resistance for 210 gold pieces
 50172 | Depths:4 | Gained mutation: Your flesh is heat resistant. (rF+)
                  | [Jiyva's grace]
 50245 | Depths:4 | Found a runed translucent door.
 50251 | Depths:4 | Found a runed translucent door.
 50333 | Depths:4 | Noticed a caustic shrike
 50723 | Depths:3 | Lost mutation: You expend magic power (3 MP) to strengthen
                  | your wands. [Jiyva's grace]
 50795 | Depths:4 | Found a gateway to a ziggurat.
 50951 | Depths:4 | Noticed an ancient lich
 50956 | Depths:4 | Killed an ancient lich
 51065 | Depths:4 | Lost mutation: You passively map a large area around you.
                  | [Jiyva's grace]
 51164 | Depths:4 | Identified Avitat's Incunabulum of Stolen Souls
 51207 | Depths:4 | Gained mutation: Your translucent skin reduces your foes'
                  | accuracy. (Stealth) [Jiyva's grace]
 51442 | Depths:4 | Gained mutation: Your muscles are strong. (Str +2) [Jiyva's
                  | grace]
 51467 | Depths:4 | Identified the +2 robe of Pessimism {rElec Regen+} (You
                  | found it on level 4 of the Depths)
 51664 | Depths:4 | Noticed a golden dragon
 51665 | Depths:4 | Noticed a golden dragon
 51832 | Depths:5 | Entered Level 5 of the Depths
 51912 | Depths:5 | Noticed a golden dragon
 51949 | Depths:4 | Killed a golden dragon
 52194 | Depths:5 | Lost mutation: You have a pair of small horns on your head.
                  | [Jiyva's grace]
 52314 | Depths:5 | Noticed a juggernaut
 52325 | Depths:5 | Slimified a juggernaut
 52325 | Depths:5 | a juggernaut changed into an acid blob
 52329 | Depths:5 | Gained mutation: You are agile. (Dex +2) [Jiyva's grace]
 52348 | Depths:5 | Lost mutation: Your translucent skin reduces your foes'
                  | accuracy. (Stealth) [Jiyva's grace]
 52387 | Depths:5 | Found a gate to the Realm of Zot.
 52568 | Depths:5 | Noticed a golden dragon
 52576 | Depths:5 | Killed a golden dragon
 52745 | Depths:4 | Gained mutation: You are covered in thick fur. (AC +2)
                  | [Jiyva's grace]
 52830 | Depths:5 | Identified the amulet "Cakluler" {RegenMP rElec}
 52903 | Depths:5 | Lost mutation: You heal very quickly. [Jiyva's grace]
 52925 | Depths:5 | Reached XP level 23. HP: 241/241 MP: 22/22
 52942 | Depths:5 | Lost mutation: You are mostly covered in iridescent scales.
                  | (AC +4) [Jiyva's grace]
 53028 | Depths:5 | Lost mutation: Your flesh is heat resistant. (rF+) [Jiyva's
                  | grace]
 53041 | Depths:5 | Found a shimmering blue altar of Sif Muna.
 53086 | Depths:5 | Gained mutation: You have large cloven feet. [Jiyva's
                  | grace]
 53089 | Depths:5 | Noticed a caustic shrike
 53089 | Depths:5 | Noticed a caustic shrike
 53089 | Depths:5 | Noticed a caustic shrike
 53103 | Depths:5 | a caustic shrike changed into an azure jelly
 53111 | Depths:5 | a caustic shrike changed into an azure jelly
 53116 | Depths:5 | a caustic shrike changed into an azure jelly
 53557 | Zot:1    | Entered Level 1 of the Realm of Zot
 53892 | Zot:1    | Lost mutation: You are agile. (Dex +2) [Jiyva's grace]
 54127 | Zot:1    | Noticed a curse toe
 54187 | Zot:1    | Killed a curse toe
 54827 | Zot:2    | Noticed a curse toe
 54831 | Zot:1    | Killed a curse toe
 55312 | Zot:2    | Lost mutation: Armour fits poorly on your large pseudopods.
                  | [Jiyva's grace]
 55646 | Zot:1    | Gained mutation: Armour fits poorly on your large
                  | pseudopods. [Jiyva's grace]
 55782 | Zot:2    | Reached skill level 24 in Unarmed Combat
 55857 | Zot:2    | Lost mutation: Your muscles are strong. (Str +2) [Jiyva's
                  | grace]
 56287 | Zot:4    | Gained mutation: You passively map a large area around you.
                  | [Jiyva's grace]
 56577 | Zot:4    | Lost mutation: You have large cloven feet. [Jiyva's grace]
 56593 | Zot:3    | Reached XP level 24. HP: 247/253 MP: 22/22
 56912 | Zot:3    | You fall into a shaft and drop 1 floor!
 57074 | Zot:2    | Gained mutation: Your thick and shaggy fur keeps you warm.
                  | (AC +3, rC+) [Jiyva's grace]
 57336 | Zot:3    | Gained mutation: Your mind is acute. (Int +2) [Jiyva's
                  | grace]
 58183 | Zot:5    | Entered Level 5 of the Realm of Zot
 58265 | Zot:5    | Reached skill level 15 in Armour
 58385 | Zot:5    | Noticed a Killer Klown
 58394 | Zot:5    | Killed a Killer Klown
 58403 | Zot:5    | Reached skill level 15 in Dodging
 58496 | Zot:5    | Identified the +2 cloak of the Shining Light {Dex+3}
 58543 | Zot:5    | Noticed bmfx's ghost (legendary MiSk)
 58543 | Zot:5    | Identified the +8 demon blade "Gaic" {slice, rC+}
 58544 | Zot:5    | Identified the cursed +1 lajatang "Roehe" {elec, *Rage
                  | rElec Str+2 Stlth+}
 58547 | Zot:5    | Found a transporter.
 58550 | Zot:5    | Found a bloodstained altar of Trog.
 58554 | Zot:5    | Identified the +5 broad axe "Wum Gog" {vamp, -Tele Int+7}
 58559 | Zot:5    | Found a transporter.
 58570 | Zot:5    | Identified the +0 cloak "Soomudgh" {+Fly}
 59288 | Zot:5    | Noticed an ancient lich
 59317 | Zot:5    | Killed an ancient lich
 59895 | Zot:5    | Noticed an orb of fire
 59916 | Zot:5    | Killed an orb of fire
 60035 | Zot:5    | Noticed an ancient lich
 60064 | Zot:5    | Killed an ancient lich
 60090 | Zot:5    | Gained mutation: Armour fits poorly on your massive
                  | pseudopods. [Jiyva's grace]
 60125 | Zot:5    | Noticed an ancient lich
 60140 | Zot:5    | Killed an ancient lich
 60212 | Zot:5    | Noticed a Killer Klown
 60222 | Zot:5    | Killed a Killer Klown
 60436 | Zot:5    | Noticed an orb of fire
 60543 | Zot:4    | Killed an orb of fire
 60784 | Zot:5    | Noticed a Killer Klown
 60796 | Zot:5    | Killed a Killer Klown
 60796 | Zot:5    | Reached XP level 25. HP: 259/267 MP: 22/22
 61376 | Zot:5    | Found a transporter.
 61379 | Zot:5    | Found a bloodstained altar of Trog.
 61388 | Zot:5    | Found a transporter.
 61651 | Zot:5    | Reached skill level 25 in Unarmed Combat
 61689 | Zot:5    | Noticed a Killer Klown
 61700 | Zot:5    | Gained mutation: You have large cloven feet. [Jiyva's
                  | grace]
 61729 | Zot:5    | Killed a Killer Klown
 61923 | Zot:5    | Noticed a Killer Klown
 61983 | Zot:5    | Killed a Killer Klown
 62102 | Zot:5    | Noticed a Killer Klown
 62114 | Zot:5    | Killed a Killer Klown
 62222 | Zot:5    | Noticed an ancient lich
 62223 | Zot:5    | Gained mutation: You are resistant to hostile enchantments.
                  | (MR+) [Jiyva's grace]
 62239 | Zot:5    | Killed an ancient lich
 62258 | Zot:5    | Noticed a Killer Klown
 62282 | Zot:5    | Killed a Killer Klown
 62333 | Zot:5    | Noticed an orb of fire
 62347 | Zot:5    | Killed an orb of fire
 62446 | Zot:5    | Noticed an orb of fire
 62449 | Zot:5    | Gained mutation: Your magical capacity is low. (-10% MP)
                  | [an orb of fire]
 62450 | Zot:5    | Gained mutation: You are clumsy. (Dex -2) [an orb of fire]
 62461 | Zot:5    | Lost mutation: Your body has grown golden eyes which may
                  | confuse attackers. (Acc +3) [an orb of fire]
 62466 | Zot:5    | Gained mutation: Your body sometimes deteriorates upon
                  | taking damage. [an orb of fire]
 62469 | Zot:5    | Noticed an orb of fire
 62469 | Zot:5    | Killed from afar by an orb of fire

Levels and vault maps discovered:
D:1:      ldierk_walled_garden_2, layout_basic, cheibriados_altar_1
D:2:      layout_loops_ring, tso_altar
D:3:      cheibrodos_greedy_goblins, layout_loops_ring, first_ration,
          minmay_goblin_outpost
D:4:      layout_basic
D:5:      layout_cave_pods, nicolae_ru_path_of_blood, lemuel_crystal_altar,
          kennysheep_little_box, lemuel_doored_altar,
          minmay_misc_feat_more_columns, trog_butcher_becter, uniq_pikel
D:6:      layout_rooms, serial_curves, eino_curves_04, eino_curves_01,
          minmay_fractal_squares_5, uniq_eustachio, uniq_prince_ribbit1,
          uniq_grinder, uniq_sigmund
D:7:      layout_cave_pools, minmay_temple_entry_large_hall, uniq_joseph
D:8:      layout_cave_pools, grunt_temple_overflow_order_and_chaos_1,
          grunt_lair_entry_orc_guard_hut, hangedman_ranch
          [blue_anna_fruit_fields], chequers_serial_rivers_micro_e,
          lemuel_flamethrower_2, uniq_maurice, uniq_erica
D:9:      layout_basic, grunt_temple_overflow_open
D:10:     layout_long_grid, orc_0_dummy
D:11:     layout_long_grid, elves_outpost_lemuel
D:12:     layout_loops_ring, serial_shops, shop
D:13:     layout_loops_corners, ximxim_vaults_locker_room, uniq_kirke,
          uniq_erolcha
D:14:     layout_basic, nicolae_sextant, uniq_nessos
D:15:     hangedman_slaughterboxes
Temple:   minmay_freezing_vapour_temple
Lair:1:   beast_lair_carwin_large_3, layout_concentric_octagons, basic_altar
Lair:2:   layout_long_grid, gauntlet_entry_generic, grunt_megastairs_2
Lair:3:   layout_hall_layers
Lair:4:   layout_long_grid, minmay_swamp_entry_wisps,
          spider_nest_entry_funnel_web
Lair:5:   layout_loops_ring, basic_altar, minmay_hedge_maze
Lair:6:   grunt_lair_end_beastmaster, layout_regular_city, slime_altar_2
Swamp:1:  layout_basic_swamp, hangedman_swamp_ruin_hall, uniq_aizul
Swamp:2:  layout_basic_swamp, nicolae_swamp_feature_on_the_river_bank
Swamp:3:  layout_basic_swamp, evilmike_swamp_ruin_house_5, uniq_donald
Swamp:4:  swamp_basic_johnstein, layout_basic_swamp
Spider:1: layout_spider_delve
Spider:2: layout_chambers
Spider:3: layout_spider_delve, portal_ice_cave_entry_pillars_three
Spider:4: guppyfry_spider_rune, nicolae_spider_circle_web
Slime:1:  layout_caves, cheibrodos_slime_lost_civilization_6
Slime:2:  cheibrodos_slime_lost_civilization_2, layout_caves
Slime:3:  layout_caves
Slime:4:  layout_caves
Slime:5
Orc:1:    layout_caves, uniq_sonja
Orc:2:    grunt_orc_cross, layout_caves, minmay_shop_mass, nicolae_orc_lava_room
Elf:1:    minmay_elf_arrival_summoners, layout_loops_corners, special_room
          [special_room_orc], minmay_elf_demonology, uniq_azrael, uniq_roxanne
Elf:2:    layout_loops_corners, minivault_28
Vaults:1: ontoclasm_vaults_idyll, st_octagons_1, ontoclasm_vaults_spin,
          vaults_standard_mumra_lines, nicolae_vaults_network_periphery,
          nicolae_vaults_twisting_passages, v_pattern_3, vaults_room_fours,
          layout_vaults_big_cross, serial_shops, nicolae_shop_statue_plus
Vaults:2: vaults_standard_mumra_enter_the_diamond, nicolae_vaults_rhombus_7,
          nicolae_vaults_big_angled_halls, v_misc_16, vaults_room_door_ring,
          vaults_mumra_lcd, v_misc_16, ontoclasm_vaults_chip, vaults_room_fours,
          ontoclasm_vaults_idyll, layout_vaults_omnibox,
          nicolae_trove_entry_crystal, serial_shops, shop, uniq_frederick,
          uniq_nikola
Vaults:3: gammafunk_vaults_ghost_tricky_traps, ontoclasm_vaults_tryst,
          hangedman_vaults_river_flow, nicolae_vaults_circle_grid_a,
          hangedman_vaults_slither, vaults_room_fours, vaults_dpeg_hooks,
          vaults_mumra_minichess, vaults_dpeg_cross,
          ontoclasm_vaults_ring_small, layout_vaults_omnigrid, dummy_crypt_entry
Vaults:4: nicolae_vaults_asterisk, ontoclasm_vaults_pinch,
          grunt_vaults_diagonal, vaults_standard_mumra_x, vaults_mumra_hex,
          v_misc_23, v_misc_8, grunt_vaults_hallway_short,
          vaults_room_door_ring, v_misc_5, layout_vaults_big_room,
          portal_desolation_entry_nicolae_nacl
Depths:1: layout_basic, hell_entry, rand_demon_pan_entry_5,
          gammafunk_ghost_mausoleum, nemelex_xobeh_ov_fountains_minmay,
          serial_bayou_ford_a, hex_tiny, minmay_door_square,
          corexii_mini_fake_secret_closet, minmay_guarded_unrand_robustness,
          uniq_enchantress
Depths:2: minmay_slanted_spiral_squares, layout_gridlike,
          chequers_decorated_corner, muffindrake_ghost_dead_mans_drink,
          grunt_hell_entry_dis_old, nicolae_abyss_entry_one_way_or_another,
          infiniplex_enter_wizlab_glasses, uniq_mara
Depths:3: wad_lake_hut, layout_gridlike, rand_demon_pan_entry_7, hell_entry,
          serial_shops, shop, abyss_entry, kennysheep_boxes,
          minmay_misc_feat_cross, uniq_jory
Depths:4: thingy_vault_2, layout_cave_pools, enter_ziggurat_d, abyss_entry,
          special_room [special_room_morgue], hangedman_coc_ice_floe,
          minmay_staircase_windowed_small
Depths:5: evilmike_zot_entry_diamond, layout_gridville, hell_entry, st_stairs_6,
          hex_large, serial_bayou_lagoon_a, hangedman_summoners_spam
Zot:1:    layout_gridlike
Zot:2:    layout_misc_corridors
Zot:3:    layout_cathedral_of_symmetry, lemuel_elevator
Zot:4:    layout_basic
Zot:5:    layout_gridlike, gammafunk_ghost_wrathful_warriors

Skill      XL: |  1  2  3  4  5  6  7  8  9 10 11 12 13 14 15 16 17 18 19 20 21 22 23 24 25 |
---------------+----------------------------------------------------------------------------+-----
Unarmed Combat | 3 4 5 6 8 9 11 13 14 15 16 17 19 20 21 22 23 24 25 | 25.3
Fighting       | 3 4 5 6 7 8 9 10 11 12 13 14 15 16 17 18 19 | 19.7
Dodging        | 3 5 6 8 9 10 11 12 13 14 15 | 15.1
Shields        | 3 5 6 8 9 10 11 12 13 | 13.0
Armour         | 4 6 8 9 10 11 12 13 14 15 | 15.1
Throwing       | 6 |  6.0

Action                   |  1- 3 |  4- 6 |  7- 9 | 10-12 | 13-15 | 16-18 | 19-21 | 22-24 | 25-27 || total
-------------------------+-------+-------+-------+-------+-------+-------+-------+-------+-------++-------
Melee: Unarmed           |    99 |   178 |   236 |   658 |  1277 |  1729 |  1700 |  1301 |   166 ||  7344
       Falchion          |       |       |       |    16 |       |       |    11 |       |       ||    27
       Pseudopods        |       |       |       |       |    35 |   296 |   146 |   498 |    46 ||  1021
       Kick              |       |       |       |       |       |   124 |    91 |   237 |    55 ||   507
       Headbutt          |       |       |       |       |       |       |   428 |   196 |       ||   624
       Lance             |       |       |       |       |       |       |   304 |   104 |       ||   408
Invok: Request Jelly     |       |       |       |       |     1 |     1 |       |       |       ||     2
       Slimify           |       |       |       |       |       |     2 |     4 |     9 |     1 ||    16
Evoke: Wand              |       |       |     6 |    14 |     3 |     9 |       |       |       ||    32
       Lightning rod     |       |       |       |       |       |     1 |       |       |       ||     1
  Use: Scroll            |       |     3 |    14 |    11 |     9 |     8 |     3 |    22 |     1 ||    71
       Potion            |       |       |     3 |     1 |       |     9 |     5 |     9 |     2 ||    29
 Stab: Sleeping          |       |       |     2 |       |       |       |       |       |       ||     2
       Distracted        |       |       |       |     1 |       |     1 |       |     2 |       ||     4
       Confused          |       |       |       |       |       |       |    26 |    15 |       ||    41
  Eat: Chunk             |    14 |    14 |    29 |    78 |    65 |    59 |    31 |    27 |     4 ||   321
       Ration            |       |       |       |       |     3 |       |       |     6 |     2 ||    11
Armor: Robe              |    21 |    43 |    63 |   156 |    35 |       |       |       |       ||   318
       Ice dragon scales |       |       |       |       |    30 |       |       |       |       ||    30
       Fire dragon scale |       |       |       |       |   204 |   621 |   831 |   304 |       ||  1960
       Gold dragon scale |       |       |       |       |       |       |       |   308 |    60 ||   368
Dodge: Dodged            |    23 |    26 |    93 |   251 |   393 |   771 |  1090 |   683 |    56 ||  3386
Block: Shield            |    41 |    60 |    96 |   322 |   657 |  1104 |  1289 |   875 |    59 ||  4503
       Rpst.: Falchion   |       |       |       |     1 |       |       |     1 |       |       ||     2

Table legend:
 A = Non-vault XP
 B = Vault XP
 C = Vault XP percentage of total XP
 D = Non-vault monster count
 E = Vault monster count
 F = Vault count percentage of total count
                 A         B        C        D         E       F
            +---------+---------+-------+---------+---------+-------
      Total |  790509 |  443236 |  35.9 |    1403 |     549 |  28.1
            +---------+---------+-------+---------+---------+-------
        D:1 |      29 |       0 |   0.0 |      16 |       0 |   0.0
        D:2 |     118 |       0 |   0.0 |      29 |       0 |   0.0
        D:3 |     167 |      35 |  17.3 |      31 |      19 |  38.0
        D:4 |     592 |       0 |   0.0 |      15 |       0 |   0.0
        D:5 |     354 |     674 |  65.6 |      13 |       5 |  27.8
        D:6 |     645 |    1273 |  66.4 |      15 |      10 |  40.0
        D:7 |     995 |     460 |  31.6 |      24 |       1 |   4.0
        D:8 |    1181 |    3192 |  73.0 |      24 |      14 |  36.8
        D:9 |    4949 |       0 |   0.0 |      39 |       0 |   0.0
       D:10 |    1750 |       0 |   0.0 |      16 |       0 |   0.0
       D:11 |    4110 |    4973 |  54.8 |      25 |       9 |  26.5
       D:12 |    2097 |       0 |   0.0 |      12 |       0 |   0.0
       D:13 |    5545 |    8585 |  60.8 |      29 |      14 |  32.6
       D:14 |    8384 |    1963 |  19.0 |      35 |       3 |   7.9
       D:15 |    1541 |   41444 |  96.4 |       1 |      71 |  98.6
     Lair:1 |    2812 |    2176 |  43.6 |      10 |      11 |  52.4
     Lair:2 |    1370 |     905 |  39.8 |       6 |       5 |  45.5
     Lair:3 |    7628 |     329 |   4.1 |      27 |       2 |   6.9
     Lair:4 |    6781 |    1707 |  20.1 |      17 |       8 |  32.0
     Lair:5 |    4936 |       0 |   0.0 |      24 |       0 |   0.0
     Lair:6 |   13673 |    9500 |  41.0 |      50 |      21 |  29.6
    Swamp:1 |    9467 |    1698 |  15.2 |      31 |       1 |   3.1
    Swamp:2 |    5421 |       0 |   0.0 |       8 |       0 |   0.0
    Swamp:3 |    8556 |    6802 |  44.3 |      24 |       7 |  22.6
    Swamp:4 |   10293 |   19475 |  65.4 |      29 |      34 |  54.0
   Spider:1 |    7361 |       0 |   0.0 |      21 |       0 |   0.0
   Spider:2 |   23485 |       0 |   0.0 |      54 |       0 |   0.0
   Spider:3 |   22945 |       0 |   0.0 |      63 |       0 |   0.0
   Spider:4 |    8616 |   21388 |  71.3 |      14 |      40 |  74.1
      Orc:1 |    1872 |    1547 |  45.2 |      13 |       2 |  13.3
      Orc:2 |    3273 |    5951 |  64.5 |      16 |      33 |  67.3
      Elf:1 |   15688 |   13394 |  46.1 |      25 |      30 |  54.5
      Elf:2 |    8763 |    7812 |  47.1 |      16 |      11 |  40.7
   Vaults:1 |   44876 |   24991 |  35.8 |      85 |      33 |  28.0
   Vaults:2 |   17742 |   11741 |  39.8 |      35 |      16 |  31.4
   Vaults:3 |   12696 |    6165 |  32.7 |      22 |      11 |  33.3
   Vaults:4 |   25955 |   16870 |  39.4 |      48 |      24 |  33.3
   Depths:1 |   40381 |   21523 |  34.8 |      49 |      20 |  29.0
   Depths:2 |   54462 |   23605 |  30.2 |      68 |      15 |  18.1
   Depths:3 |   58155 |    2400 |   4.0 |      77 |       5 |   6.1
   Depths:4 |   41705 |   41369 |  49.8 |      44 |      27 |  38.0
   Depths:5 |   31644 |   16393 |  34.1 |      34 |      18 |  34.6
      Zot:1 |   52077 |       0 |   0.0 |      24 |       0 |   0.0
      Zot:2 |   54786 |       0 |   0.0 |      38 |       0 |   0.0
      Zot:3 |   41836 |    4310 |   9.3 |      25 |       1 |   3.8
      Zot:4 |   25605 |   15771 |  38.1 |      16 |       4 |  20.0
      Zot:5 |   83160 |  100244 |  54.7 |      43 |      20 |  31.7
     WizLab |   10032 |    2571 |  20.4 |      23 |       4 |  14.8
            +---------+---------+-------+---------+---------+-------
